 Dungeon Crawl Stone Soup version 0.30-b1-2-g02819fbbbe (webtiles) character file.

Game seed: 16200765673663394375

116 Dirian the Slasher (level 4, 0/61 HPs)
             Began as a Minotaur Monk on May 8, 2023.
             Succumbed to a scorpion's poison
             ... on level 3 of the Dungeon.
             The game lasted 00:03:26 (1952 turns).

Dirian the Slasher (Minotaur Monk)                  Turns: 1952, Time: 00:03:27

Health: 0/61       AC: 22    Str: 18    XL:     4   Next: 70%
Magic:  3/3        EV:  2    Int:  7    God:
Gold:   185        SH:  0    Dex: 18    Spells: 3/3 levels left

rFire   . . .        a - +0 falchion
rCold   . . .        d - orb {light}
rNeg    . . .        j - melded +0 scale mail
rPois   +            (helmet currently unavailable)
rElec   .            (cloak currently unavailable)
rCorr   .            k - melded +0 pair of gloves
SInv    .            (boots currently unavailable)
Will    +....        (no amulet)
Stlth   +            i - ring of willpower
HPRegen 0.30/turn    p - +6 ring of dexterity
MPRegen 0.08/turn

%: no passive effects
@: brilliant, lethally poisoned (0 -> -2), tree-form, glowing
A: stationary, stasis, torment immunity, boosted hp, (horns 2), (retaliatory
headbutt)
a: no special abilities


You were on level 3 of the Dungeon.
You were a tree.
You visited 1 branch of the dungeon, and saw 3 of its levels.

You collected 185 gold pieces.

Inventory:

Hand Weapons
 a - a +0 falchion (weapon)
Armour
 d - an orb of light (worn)
 j - a +0 scale mail (melded)
 k - a +0 pair of gloves (melded)
Jewellery
 i - a ring of willpower (left branch)
 p - a +6 ring of dexterity (right branch)
Scrolls
 f - 2 scrolls of identify {unknown}
 g - a scroll of fear {unknown}
 h - 2 scrolls of teleportation {unknown}
 m - 2 scrolls of vulnerability {unknown}
 n - a scroll of fog {unknown}
 q - a scroll of enchant armour {unknown}
 u - a scroll of immolation {unknown}
 v - a scroll of noise {unknown}
Potions
 b - a potion of degeneration {unknown}
 c - a potion of ambrosia
 e - a potion of lignification
 l - a potion of curing {unknown}
 o - 2 potions of brilliance
 r - a potion of mutation {unknown}
 s - a potion of heal wounds {unknown}
 t - a potion of magic {unknown}


   Skills:
 + Level 4.8 Fighting
 + Level 5.6 Long Blades
 + Level 1.0 Armour
 - Level 3.2 Dodging


You had 3 spell levels left.
You didn't know any spells.
Your spell library was empty.

Dungeon Overview and Level Annotations

Branches:
Dungeon (3/15) Zot: 16042

Altars:
Sif Muna


Innate Abilities, Weirdness & Mutations

You are a tree.
Your roots penetrate the ground, keeping you stationary.
You cannot be teleported.
You are immune to unholy pain and torment.
Your maximum health is greatly increased.
Your equipment is partially melded.
((You have a pair of horns on your head.))
((You reflexively headbutt those who attack you in melee.))


Message History

The gnoll hits you with a +0 whip. The gnoll hits you with a +0 whip.
The scorpion attacks as you move away!
The scorpion stings you but does no damage.
The gnoll attacks as you move away! The gnoll hits you with a +0 whip.
The scorpion barely misses you. The scorpion attacks as you move away!
The scorpion stings you but does no damage.
The scorpion attacks as you move away!
The scorpion stings you but does no damage.
The scorpion attacks as you move away! The scorpion barely misses you.
You furiously retaliate!
You headbutt the scorpion. The scorpion attacks as you move away!
The scorpion stings you but does no damage.
The scorpion attacks as you move away!
The scorpion stings you but does no damage.
The scorpion barely misses you. You furiously retaliate!
You headbutt the scorpion. The scorpion attacks as you move away!
The scorpion barely misses you. The scorpion stings you.
You are poisoned.
The scorpion poisons you! The scorpion attacks as you move away!
The scorpion stings you but does no damage.
You feel very sick.
You feel very sick.
You feel sick. The scorpion attacks as you move away! The scorpion stings you.
* * * LOW HITPOINT WARNING * * *
x2 You feel sick.
It was a potion of brilliance.
You feel clever all of a sudden.
* * * LOW HITPOINT WARNING * * *
You feel sick. The scorpion barely misses you. The scorpion closely misses you.
It was a potion of lignification.
You turn into a tree.
Your +0 pair of gloves melds into your body.
Your +0 scale mail melds into your body.
Your roots penetrate the ground.
You die...

.........# .........# .........#
.........# ### #
.........########## ##.######
.......)...>......# ###..##....
.......†..........# #....##.~.~
..................#####...###.~~~
............gg.s♣.....#..## #..~.
..........g.......###....####.†..
...........######## ###..##......
.#...#...#.# #.........##
...#...#...# #.....##.####...
#.###.###.## ###..##8.8# ####
...#...#...# . #.. ##.## #
.#...#...#.##.. #.. 8_8 #
...#...#....... #. #.# ###


You could see a scorpion and 3 gnolls.

Vanquished Creatures
  A scorpion (D:2)
  A dart slug (D:2)
  4 bats
  7 endoplasms
  9 giant cockroaches
  5 hobgoblins
  3 jackals (D:2)
  2 kobolds (D:3)
  4 quokkas
  4 ball pythons (D:1)
  5 goblins
  5 rats
50 creatures vanquished.

Notes
Turn   | Place    | Note
-------+----------+-------------------------------------------
     0 | D:1      | Dirian the Minotaur Monk began the quest for the Orb.
     0 | D:1      | Reached XP level 1. HP: 19/19 MP: 0/0
   252 | D:1      | Reached skill level 4 in Long Blades
   284 | D:1      | Reached XP level 2. HP: 27/27 MP: 1/1
   869 | D:1      | Reached XP level 3. HP: 34/34 MP: 2/2
  1116 | D:2      | Noticed a scorpion
  1121 | D:2      | Killed a scorpion
  1122 | D:2      | Reached skill level 5 in Long Blades
  1122 | D:2      | Reached XP level 4. HP: 41/41 MP: 3/3
  1828 | D:3      | Found a faded altar of an unknown god.
  1862 | D:3      | Found a shimmering blue altar of Sif Muna.
  1868 | D:3      | Reached skill level 1 in Armour
  1926 | D:3      | Noticed a scorpion
  1950 | D:3      | HP: 2/41 [poisoned by a scorpion]
  1952 | D:3      | Succumbed to a scorpion's poison

Illustrated notes

Levels and vault maps discovered:
D:1:      dpeg_arrival_tiny_i, layout_basic, palyth_stone_intersect,
          minmay_vboxes
D:2:      layout_basic
D:3:      layout_rooms, overflow_temple_1_default, mainiacjoe_overflow_paths,
          ebering_ecumenical_altar_hall, dk_vineyard_3, moated_statue,
          minmay_crystal_room, minmay_misc_feat_four_crosses

Skill      XL: |  1  2  3  4 |
---------------+-------------+-----
Long Blades    | 4 5 |  5.6
Fighting       | 4 |  4.8
Armour         | 1 |  1.0
Dodging        | |  3.2

Action                     |  1- 3 |  4- 6 || total
---------------------------+-------+-------++-------
  Melee: Falchion          |    57 |    29 ||    86
         Headbutt          |    10 |    10 ||    20
    Use: Potion            |       |     2 ||     2
 Armour: Robe              |     4 |       ||     4
         Scale mail        |    14 |    18 ||    32
  Dodge: Dodged            |    38 |    18 ||    56
